Map: Prion Terraces

Players

MaGiCaL - Winner!

  • Race: Protoss Protoss
  • League: Grandmaster

MCanning

  • Race: Protoss Protoss
  • League: Grandmaster

VOD

http://www.twitch.tv/mcanning/v/30690643

Description

Time

  • Played on: Dec. 19, 2015, 2:57 a.m.
  • Length: 10:01
Show
View Real Time Build Order
Export as new Build Order

MaGiCaL Protoss - Winner!

Build Orders: 1 Gate Expand 

Get SALT Encoding   

  12  0:01  Probe (Chrono Boost)  
  13  0:12  Probe (Chrono Boost)  
  14  0:19  Pylon  
  14  0:22  Probe (Chrono Boost)  
  15  0:37  Probe (Chrono Boost)  
  15  0:40  Assimilator  
  15  0:41  Gateway  
  16  0:47  Probe (Chrono Boost)  
  17  0:58  Probe (Chrono Boost)  
  18  1:08  Probe (Chrono Boost)  
  19  1:18  Nexus  
  19  1:21  Probe (Chrono Boost)  
  20  1:31  Cybernetics Core  
  20  1:34  Probe (Chrono Boost)  
  20  1:39  Assimilator  
  21  1:45  Probe (Chrono Boost)  
  22  1:50  Pylon  
  22  1:55  Probe (Chrono Boost)  
  23  2:08  Stalker (Chrono Boost)  
  27  2:09  Mothership Core (Chrono Boost)  
  27  2:17  Warp Gate (Chrono Boost)  
  27  2:23  Pylon  
  27  2:28  Probe  
  28  2:35  Probe  
  28  2:36  Stalker (Chrono Boost)  
  31  2:45  Probe  
  31  2:49  Probe  
  33  2:57  Probe  
  34  2:59  Probe  
  34  3:00  Stalker (Chrono Boost)  
  36  3:14  Gateway x2  
  36  3:26  Probe  
  36  3:27  Probe  
  38  3:29  Robotics Facility  
  38  3:38  Probe  
  38  3:39  Probe  
  39  3:47  Twilight Council  
  39  3:51  Probe  
  39  3:54  Probe (Chrono Boost), Pylon  
  41  4:16  Stalker x2  
  41  4:17  Stalker  
  45  4:18  Observer  
  45  4:20  Probe (Chrono Boost)  
  45  4:21  Probe (Chrono Boost)  
  48  4:24  Pylon  
  48  4:30  Blink (Chrono Boost)  
  48  4:34  Probe  
  48  4:35  Probe  
  50  4:46  Immortal  
  50  4:48  Probe  
  50  4:49  Probe  
  56  4:56  Assimilator  
  56  4:58  Probe  
  56  5:01  Probe  
  58  5:11  Pylon  
  58  5:12  Gateway x2  
  58  5:14  Probe  
  58  5:15  Probe  
  60  5:25  Immortal  
  60  5:27  Probe  
  64  5:29  Probe  
  64  5:31  Assimilator  
  66  5:36  Pylon  
  66  5:38  Probe  
  66  5:41  Probe  
  68  5:49  Probe  
  67  5:53  Probe  
  69  6:04  Warp Prism (Chrono Boost)  
  68  6:08  Probe x2 (Chrono Boost)  
  72  6:13  Nexus  
  72  6:16  Pylon  
  72  6:29  Stalker x4  
  72  6:30  Stalker  
  82  6:34  Pylon  
  82  6:37  Pylon  
  82  6:40  Probe (Chrono Boost)  
  82  6:41  Probe (Chrono Boost)  
  84  7:01  Stalker  
  84  7:02  Stalker x3  
  84  7:03  Stalker  
  94  7:11  Probe x2 (Chrono Boost)  
  96  7:28  Stalker x4  
  96  7:29  Stalker  
  109  7:30  Probe x3 (Chrono Boost)  
  99  7:50  Probe (Chrono Boost)  
  99  7:51  Probe (Chrono Boost), Immortal  
  93  7:54  Stalker x2  
  93  7:55  Stalker x3  
  99  8:01  Probe x3 (Chrono Boost)  
  88  8:23  Stalker x4  
  88  8:24  Stalker  
  90  8:28  Gateway  
  90  8:30  Gateway, Immortal (Chrono Boost)  
  92  8:47  Stalker x5  
  102  8:59  Nexus  
  102  9:07  Immortal (Chrono Boost)  
  106  9:10  Stalker  
  106  9:11  Stalker x4  
  116  9:19  Pylon  
  116  9:22  Pylon x2  
  115  9:37  Stalker x4  
  115  9:38  Stalker x3  
  129  9:50  Pylon  
Show
View Real Time Build Order
Export as new Build Order

MCanning Protoss 

Build Orders: Oracle Opening 

Get SALT Encoding   

  12  0:01  Probe (Chrono Boost)  
  13  0:11  Probe (Chrono Boost)  
  14  0:18  Pylon  
  14  0:22  Probe (Chrono Boost)  
  15  0:36  Probe (Chrono Boost)  
  15  0:39  Gateway  
  16  0:47  Probe (Chrono Boost)  
  16  0:49  Assimilator  
  17  0:54  Assimilator  
  17  0:58  Probe (Chrono Boost)  
  18  1:08  Probe (Chrono Boost)  
  19  1:11  Gateway  
  19  1:19  Probe (Chrono Boost)  
  20  1:27  Cybernetics Core  
  20  1:29  Probe (Chrono Boost)  
  21  1:39  Pylon  
  21  1:42  Probe (Chrono Boost)  
  22  1:53  Probe (Chrono Boost)  
  23  2:05  Adept x2 (Chrono Boost)  
  29  2:08  Mothership Core (Chrono Boost)  
  29  2:21  Stargate  
  29  2:32  Pylon  
  29  2:37  Warp Gate  
  29  2:54  Nexus  
  30  2:58  Probe (Chrono Boost)  
  30  3:09  Probe (Chrono Boost)  
  30  3:12  Oracle (Chrono Boost)  
  34  3:20  Probe  
  33  3:32  Probe  
  34  3:35  Pylon  
  34  3:41  Twilight Council  
  34  3:44  Probe  
  34  3:48  Robotics Facility  
  35  3:56  Probe (Chrono Boost)  
  36  4:07  Probe (Chrono Boost)  
  36  4:08  Probe (Chrono Boost)  
  38  4:18  Probe (Chrono Boost)  
  38  4:21  Probe (Chrono Boost)  
  38  4:22  Blink (Chrono Boost)  
  40  4:31  Gateway  
  40  4:32  Probe x2 (Chrono Boost)  
  40  4:36  Observer  
  43  4:41  Gateway  
  43  4:44  Probe (Chrono Boost)  
  44  4:46  Probe (Chrono Boost)  
  44  4:48  Stalker x2  
  49  4:54  Probe (Chrono Boost)  
  49  4:57  Probe (Chrono Boost)  
  51  5:05  Probe (Chrono Boost)  
  52  5:07  Probe (Chrono Boost)  
  52  5:10  Gateway  
  52  5:13  Assimilator  
  53  5:14  Probe (Chrono Boost)  
  53  5:17  Probe (Chrono Boost), Assimilator  
  55  5:22  Forge  
  55  5:24  Probe  
  56  5:29  Probe  
  56  5:30  Pylon  
  56  5:35  Probe, Immortal (Chrono Boost)  
  62  5:44  Pylon  
  62  5:46  Pylon  
  62  5:47  Probe  
  62  5:48  Probe  
  64  5:57  Probe  
  64  6:03  Stalker x4  
  73  6:15  Pylon  
  73  6:18  Nexus  
  73  6:22  Pylon  
  73  6:28  Protoss Ground Weapons Level 1 (Chrono Boost), Robotics Bay  
  73  6:34  Probe  
  74  6:42  Photon Cannon  
  74  6:46  Photon Cannon  
  74  6:54  Stalker x2, Immortal (Chrono Boost)  
  75  7:00  Sentry  
  81  7:09  Gateway  
  81  7:10  Gateway  
  81  7:19  Stalker x2  
  81  7:22  Mothership Core  
  83  7:27  Pylon x2  
  83  7:28  Pylon  
  85  7:35  Pylon  
  85  7:36  Stalker  
  83  7:37  Stalker  
  83  7:38  Pylon  
  83  7:39  Stalker  
  77  7:46  Stalker x2, Mothership Core  
  78  7:51  Disruptor (Chrono Boost)  
  72  8:00  Zealot x2  
  76  8:10  Zealot  
  76  8:11  Zealot  
  80  8:15  Zealot  
  80  8:16  Zealot  
  80  8:29  Nexus  
  80  8:54  Nexus  
  80  9:11  Robotics Bay  
  80  9:17  Probe  
  80  9:20  Pylon  
  79  9:44  Robotics Facility  
  77  9:54  Stalker x3  
Tags
 
Add a new tag
Caveats
  • Supply blocks, unpowered buildings, or Contaminate may cause inaccurate times.
  • Supply counts are checked every 10 seconds.